 Dungeon Crawl Stone Soup version 0.30.0-18-gc0e69614cb (webtiles) character file.

Game seed: 6549184357839769942

14740 splendoreal the Fighter (level 11, -3/166 HPs)
             Began as a Minotaur Berserker on May 19, 2023.
             Was an Elder of Trog.
             Slain by an orc high priest
             ... wielding a +0 scimitar
              (8 damage)
             ... on level 2 of the Orcish Mines on May 23, 2023.
             The game lasted 03:16:10 (16315 turns).

splendoreal the Fighter (Minotaur Berserker)       Turns: 16315, Time: 03:16:11

Health: -3/166     AC: 13    Str: 27    XL:     11   Next: 92%
Magic:  10/10      EV:  2    Int:  4    God:    Trog [****..]
Gold:   1356       SH:  0    Dex:  9    Spells: 10/10 levels left

rFire   . . .        k - +0 battleaxe
rCold   . . .        (shield currently unavailable)
rNeg    . . .        y - melded +6 swamp dragon scales "Sine Qir" {rElec rPois rF++ Int-5 Dex+3}
rPois   +            (helmet currently unavailable)
rElec   .            s - melded +0 cloak
rCorr   .            o - melded +2 pair of gloves
SInv    .            j - melded +0 pair of boots
Will    +....        (no amulet)
Stlth   +            e - ring of willpower
HPRegen 0.47/turn    l - ring of poison resistance
MPRegen 0.12/turn

%: no passive effects
@: tree-form, corroded, slowed, lost intelligence, unable to read, very slow
A: stationary, stasis, torment immunity, boosted hp, (horns 2), (retaliatory
headbutt)
a: Renounce Religion, Berserk, Trog's Hand, Brothers in Arms


You were on level 2 of the Orcish Mines.
You worshipped Trog.
Trog was greatly pleased with you.
You were a tree.
You visited 2 branches of the dungeon, and saw 11 of its levels.
You also visited: Ossuary and Bailey.

You collected 1356 gold pieces.

Inventory:

Hand Weapons
 k - a +0 battleaxe (weapon)
 r - a +2 dagger of pain
 A - a +1 broad axe of electrocution
 B - a +1 dire flail
Missiles
 n - 12 poisoned darts
Armour
 b - a +3 ring mail of fire resistance
 j - a +0 pair of boots (melded)
 o - a +2 pair of gloves (melded)
 s - a +0 cloak (melded)
 y - the +6 swamp dragon scales "Sine Qir" (melded) {rElec rPois rF++ Int-5 Dex+3}
   (You took it off a spriggan in a bailey)

   Int:       It affects your intelligence (-5).
   Dex:       It affects your dexterity (+3).
   rF:        It greatly protects you from fire.
   rElec:     It insulates you from electricity.
   rPois:     It protects you from poison.
Jewellery
 e - a ring of willpower (left branch)
 l - a ring of poison resistance (right branch)
Wands
 h - a wand of charming (7)
 t - a wand of flame (24) (quivered)
Scrolls
 a - a scroll of identify
 q - 3 scrolls of teleportation
 v - a scroll of enchant armour
 x - 2 scrolls of fog
Potions
 c - a potion of lignification
 d - 3 potions of magic
 f - a potion of flight
 g - 2 potions of attraction
 i - 2 potions of might
 m - 4 potions of curing
 p - 5 potions of haste
 u - 3 potions of brilliance
 w - a potion of berserk rage {unknown}
 z - a potion of heal wounds
 C - a potion of mutation {unknown}


   Skills:
 * Level 14.5 Fighting
 + Level 10.7 Maces & Flails
 * Level 11.9 Armour
 + Level 9.6 Dodging


You had 10 spell levels left.
You didn't know any spells.
Your spell library contained the following spells:

 Spells                   Type           Power      Damage    Failure   Level
 Poisonous Vapours        Pois/Air       0%         N/A       65%         2
 Mephitic Cloud           Conj/Pois/Air  0%         N/A       86%         3
 Blade Hands              Tmut           0%         N/A       100%        5
 Freezing Cloud           Conj/Ice/Air   0%         6-21      100%        5
 Irradiate                Conj/Tmut      0%         3d11      100%        5
 Dragon Form              Tmut           0%         N/A       100%        7


Dungeon Overview and Level Annotations

Branches:
Dungeon (9/15)             Temple (0/1) D:4            Lair (0/5) D:9
    Orc (2/2) D:9         Ossuary (visited)          Bailey (visited)
    Elf: Orc:2

Altars:
Dithmenos
Elyvilon
Fedhas
Gozag
Hepliaklqana
Kikubaaqudgha
Nemelex Xobeh
Ru
Sif Muna
Trog
Vehumet
Wu Jian
Xom
Zin

Shops:
D:6 (   D:8 (   Orc:2 =


Innate Abilities, Weirdness & Mutations

You are a tree.
Your roots penetrate the ground, keeping you stationary.
You cannot be teleported.
You are immune to unholy pain and torment.
Your maximum health is greatly increased.
Your equipment is partially melded.
((You have a pair of horns on your head.))
((You reflexively headbutt those who attack you in melee.))


Message History

The orc sorcerer gestures at you while chanting.
The bolt of negative energy misses you.
The orc knight roars a battlecry!
The orcs go into a battle-frenzy!
The orc high priest misses you.
The orc knight roars a battlecry!
The orc high priest hits you with a +0 scimitar!
The orc high priest attacks as you move away!
The orc high priest misses you. You furiously retaliate!
You headbutt the orc high priest, but do no damage.
The orc sorcerer attacks as you move away!
The orc sorcerer closely misses you. You furiously retaliate!
You headbutt the orc sorcerer, but do no damage.
The orc sorcerer wildly gestures.
The orc sorcerer glows brightly for a moment.
The orc sorcerer hits you but does no damage.
The orc high priest mumbles some strange prayers to Beogh against you.
Beogh smites you!
* * * LOW HITPOINT WARNING * * *
You turn into a tree.
Your +0 cloak melds into your body.
Your +2 pair of gloves melds into your body.
Your +0 pair of boots melds into your body.
The +6 swamp dragon scales "Sine Qir" {rElec rPois rF++ Int-5 Dex+3} melds into your body.
Your roots penetrate the ground.
The orc high priest barely misses you.
Cleave: k) +0 battleaxe
Press: ? - help, Dir - move target, f - orc sorcerer
Aim: an orc sorcerer, wielding a +0 dagger and wearing a +0 robe of resistance (strong, about 49% to evade your +0 battleaxe)
You slash the orc sorcerer!
The orc sorcerer is moderately wounded.
You hit the orc high priest.
The orc sorcerer hits you with a +0 dagger.
* * * LOW HITPOINT WARNING * * *
The orc high priest hits you with a +0 scimitar.
* * * LOW HITPOINT WARNING * * *
The orc knight hits you with a +0 great mace!!
* * * LOW HITPOINT WARNING * * *
The orc sorcerer hits you with a +0 dagger.
* * * LOW HITPOINT WARNING * * *
The orc high priest hits you with a +0 scimitar!
You die...

.##### .. ...####.####4 ..##.##
#..... #........3.o
.#....####...#. ######.#####
......#.#.......###########.###
<)...#.......#.##...#.........##
.)).....#.....#................##
)†..............................#
................oo.....##.......#
........#..<....♣o...........#.##
.................o..........##.#
#..................#......### ..
.#........................# ##
..........................#
.#...........................
..........................#...
..................#.......#..#
...................#.........#


You could see an orc knight, an orc high priest (strong), an orc sorcerer
(strong) and an orc warrior (strong).

Vanquished Creatures
  A two-headed ogre (Bailey)
  An orc knight (Orc:2)
  2 orc sorcerers (Orc:2)
  Maurice (Orc:1)
  3 trolls
  Prince Ribbit (D:8)
  A wraith (D:7)
  6 spriggans (Bailey)
  14 yaks
  3 steam dragons
  5 wargs (Orc:1)
  An acid dragon (D:9)
  Duvessa (D:7)
  10 orc warriors
  2 ice beasts (D:6)
  9 ogres
  3 wolves (D:9)
  A centaur (D:9)
  A phantom (D:6)
  2 kobold brigands
  5 bullfrogs
  4 scorpions
  3 wights (D:9)
  6 water moccasin zombies (Ossuary)
  Dowan (D:7)
  3 killer bees (D:9)
  A howler monkey (D:7)
  4 electric eels (D:9)
  6 jellies
  Crazy Yiuf (D:5)
  8 hounds
  12 orc priests
  A gnoll bouda (D:8)
  2 sleepcaps
  2 iguanas (D:5)
  16 orc wizards
  2 mummies (Ossuary)
  11 gnolls
  9 adders
  2 shadow imps
  4 adder zombies (Ossuary)
  A worm (D:4)
  5 dart slugs
  60 orcs
  8 ball pythons
  7 endoplasms
  5 giant cockroaches
  7 gnoll zombies (Ossuary)
  3 goblins
  4 hobgoblins
  16 kobolds
  8 quokkas
  4 bats
  6 frilled lizards
  3 hobgoblin zombies (Ossuary)
  7 kobold zombies (Ossuary)
  7 orc zombies (Ossuary)
  8 rats
330 creatures vanquished.

Vanquished Creatures (collateral kills)
  2 orc high priests (Orc:2)
  An orc knight (Orc:2)
  2 orc warriors (Orc:2)
  An ogre (Orc:2)
  3 orc priests (Orc:2)
  2 orc wizards (Orc:2)
11 creatures vanquished.

Vanquished Creatures (others)
  A wizard (D:8)
  An orc (Orc:2)
2 creatures vanquished.

Grand Total: 343 creatures vanquished

Notes
Turn   | Place    | Note
-------+----------+-------------------------------------------
     0 | D:1      | splendoreal the Minotaur Berserker began the quest for the
                  | Orb.
     0 | D:1      | Reached XP level 1. HP: 19/19 MP: 0/0
   284 | D:1      | Reached skill level 4 in Fighting
   284 | D:1      | Reached XP level 2. HP: 27/27 MP: 1/1
   825 | D:2      | Upgraded the game from 0.30.0-15-g856e2d3f33 to
                  | 0.30.0-17-ge0270778cf
   873 | D:2      | Reached XP level 3. HP: 23/33 MP: 2/2
  1810 | D:2      | Reached XP level 4. HP: 41/41 MP: 3/3
  1973 | D:2      | Reached skill level 5 in Fighting
  2787 | D:3      | Noticed a scorpion
  2929 | D:3      | Reached XP level 5. HP: 48/48 MP: 4/4
  3160 | D:3      | Reached ** piety under Trog
  3555 | D:4      | Found a glowing silver altar of Zin.
  3938 | D:4      | Found a hazy altar of Hepliaklqana.
  4420 | D:4      | Reached XP level 6. HP: 54/57 MP: 5/5
  4433 | D:4      | Found a staircase to the Ecumenical Temple.
  4706 | D:5      | Entered Level 5 of the Dungeon
  4767 | D:5      | Reached skill level 6 in Fighting
  4767 | D:5      | Reached skill level 5 in Maces & Flails
  5461 | D:5      | Found a sacrificial altar of Ru.
  5998 | D:5      | Reached XP level 7. HP: 64/64 MP: 6/6
  6069 | D:5      | Reached skill level 7 in Fighting
  6368 | D:5      | Reached skill level 5 in Armour
  6490 | D:5      | Found a runed translucent door.
  6491 | D:5      | Noticed Crazy Yiuf
  6497 | D:5      | Killed Crazy Yiuf
  6693 | D:6      | Reached skill level 8 in Fighting
  6693 | D:6      | Reached skill level 5 in Dodging
  6693 | D:6      | Reached XP level 8. HP: 74/74 MP: 7/7
  7382 | D:6      | Found a blossoming altar of Fedhas.
  7719 | D:6      | Reached skill level 9 in Fighting
  8137 | D:6      | Found Ocwum's Antique Weapon Boutique.
  8537 | D:7      | Upgraded the game from 0.30.0-17-ge0270778cf to
                  | 0.30.0-18-gc0e69614cb
  8732 | D:7      | Found a sand-covered staircase.
  8752 | Ossuary  | Entered an ossuary
  9125 | Ossuary  | Reached XP level 9. HP: 85/85 MP: 8/8
  9263 | Ossuary  | Reached skill level 10 in Fighting
  9817 | D:7      | Noticed Duvessa
  9817 | D:7      | Noticed Dowan
  9838 | D:7      | Killed Duvessa
  9839 | D:7      | Killed Dowan
 10743 | D:8      | Found Sarus's Weapon Emporium.
 10762 | D:8      | Found a bloodstained altar of Trog.
 10765 | D:8      | Noticed a wizard
 10770 | D:8      | Killed a wizard
 10891 | D:8      | Found a sparkling altar of Nemelex Xobeh.
 11077 | D:7      | Reached skill level 11 in Fighting
 11312 | D:8      | Found a flagged portal.
 11370 | Bailey   | Entered a bailey
 11715 | Bailey   | Reached XP level 10. HP: 73/96 MP: 9/9
 11803 | Bailey   | Noticed a two-headed ogre
 11815 | Bailey   | Killed a two-headed ogre
 11892 | Bailey   | Reached skill level 12 in Fighting
 12079 | Bailey   | Identified the +6 swamp dragon scales "Sine Qir" {rElec
                  | rPois rF++ Int-5 Dex+3}
 12140 | Bailey   | Lost intelligence.
 12683 | D:8      | Found an ancient bone altar of Kikubaaqudgha.
 12995 | D:8      | Noticed Prince Ribbit
 13003 | D:8      | Killed Prince Ribbit
 13003 | D:8      | Reached *** piety under Trog
 13735 | D:9      | Lost intelligence.
 13766 | D:9      | Found a white marble altar of Elyvilon.
 13766 | D:9      | Found a shimmering blue altar of Sif Muna.
 13776 | D:9      | Found an ornate altar of the Wu Jian Council.
 13779 | D:9      | Found a shimmering altar of Xom.
 13781 | D:9      | Found a radiant altar of Vehumet.
 13851 | D:9      | Reached skill level 13 in Fighting
 14232 | D:9      | Found a staircase to the Orcish Mines.
 14308 | D:9      | Reached XP level 11. HP: 97/107 MP: 10/10
 14358 | D:9      | Reached skill level 10 in Armour
 14453 | D:9      | Found a staircase to the Lair.
 14613 | D:9      | Found an opulent altar of Gozag.
 14932 | D:9      | Found a shadowy altar of Dithmenos.
 15090 | Orc:1    | Entered Level 1 of the Orcish Mines
 15101 | Orc:1    | Reached skill level 10 in Maces & Flails
 15970 | Orc:2    | Entered Level 2 of the Orcish Mines
 16003 | Orc:2    | Noticed Maurice
 16005 | Orc:2    | Noticed an orc sorcerer
 16021 | Orc:1    | Reached **** piety under Trog
 16042 | Orc:1    | Killed Maurice
 16129 | Orc:2    | Killed an orc sorcerer
 16130 | Orc:2    | Reached skill level 14 in Fighting
 16254 | Orc:2    | Noticed an orc sorcerer
 16255 | Orc:2    | Found Apsaarph Zotu's Jewellery Emporium.
 16256 | Orc:2    | Noticed an orc knight
 16264 | Orc:2    | Killed an orc sorcerer
 16265 | Orc:2    | Noticed an orc knight
 16267 | Orc:2    | Noticed an orc high priest
 16272 | Orc:2    | Killed an orc high priest
 16272 | Orc:2    | Killed an orc knight
 16279 | Orc:2    | Killed an orc knight
 16285 | Orc:2    | Noticed an orc high priest
 16286 | Orc:2    | Killed an orc high priest
 16287 | Orc:2    | Noticed an orc high priest
 16289 | Orc:2    | Noticed an orc sorcerer
 16290 | Orc:2    | Noticed an orc knight
 16315 | Orc:2    | HP: 8/166 [orc knight/+0 great mace (22)]
 16315 | Orc:2    | Slain by an orc high priest

Illustrated notes

Levels and vault maps discovered:
D:1:      minmay_arrival_loop, layout_loops_ring, nicolae_grassy_gnolls
D:2:      layout_basic
D:3:      cheibrodos_old_hovel, layout_basic, serial_curves, eino_curves_02,
          eino_curves_01, gup_sewer_entry_pipe, chequers_arboretum
D:4:      layout_loops_corners, lemuel_crystal_altar, zin_academy,
          minmay_temple_entry_poolview
D:5:      layout_cave_pools, nicolae_ru_sacrificial_ziggurat,
          kennysheep_generic_room_5, uniq_crazy_yiuf_cottage
D:6:      layout_cave_pools, fedhas_altar_4, serial_shops, shop
D:7:      layout_cave_pools, nicolae_ossuary_entry_false_entrances,
          chequers_serial_rivers_large_b, uniq_duvessa
D:8:      layout_loops_ring, mainiacjoe_overflow_alcove_1, trog_wizard,
          nemelex_xobeh_ov_fountains_minmay, enter_bailey_2, serial_shops, shop,
          uniq_prince_ribbit1
D:9:      layout_irregular_city, nicolae_dithmenos_through_a_glass_darkly,
          mainiacjoe_overflow_small_starburst,
          chequers_temple_overflow_minitemple, erik_lair_island,
          hangedman_decor_diamond_cutter
Orc:1:    cheibrodos_orc_guarddog, layout_diamond_mine, basic_altar
Orc:2:    st_orc_elflike, layout_caves, uniq_maurice, uniq_donald

Skill      XL: |  1  2  3  4  5  6  7  8  9 10 11 |
---------------+----------------------------------+-----
Fighting       | 4 5 6 8 9 11 13 14 | 14.5
Maces & Flails | 4 5 6 7 8 9 10 | 10.7
Armour         | 3 4 5 6 8 9 11 | 11.9
Dodging        | 3 4 5 6 7 8 9 |  9.6

Action                     |  1- 3 |  4- 6 |  7- 9 | 10-12 || total
---------------------------+-------+-------+-------+-------++-------
  Melee: Mace              |    90 |   119 |   184 |       ||   393
         Headbutt          |    14 |    14 |    48 |    64 ||   140
         Punch             |     2 |       |     2 |       ||     4
         Dire flail        |       |       |   104 |   298 ||   402
         Battleaxe         |       |       |       |    26 ||    26
  Throw: Dart              |       |     3 |    12 |     1 ||    16
 Invoke: Berserk           |     9 |    15 |    25 |     7 ||    56
         Trog's Hand       |       |       |       |     4 ||     4
         Brothers in Arms  |       |       |       |     1 ||     1
  Evoke: Wand              |       |       |     4 |     3 ||     7
    Use: Scroll            |     4 |    10 |    12 |     3 ||    29
         Potion            |       |     3 |       |     6 ||     9
   Stab: Sleeping          |     1 |       |       |       ||     1
         Distracted        |       |       |       |     1 ||     1
 Armour: Animal skin       |     9 |       |       |       ||     9
         Ring mail         |     2 |    43 |    76 |    26 ||   147
         Swamp dragon scal |       |       |       |   220 ||   220
  Dodge: Dodged            |    40 |    67 |   131 |   305 ||   543
